 Dungeon Crawl Stone Soup version 0.30-a0-924-g0ad0bf95bc (webtiles) character file.

Game seed: 18021265947658966571

51 Firecrotchwizard the Chopper (level 3, -1/34 HPs)
             Began as a Hill Orc Monk on Mar 23, 2023.
             Slain by Sigmund
             ... wielding a +0 scythe
              (7 damage)
             ... on level 2 of the Dungeon.
             The game lasted 00:02:43 (1451 turns).

Firecrotchwizard the Chopper (Hill Orc Monk)        Turns: 1451, Time: 00:02:43

Health: -1/34      AC:  6    Str: 15    XL:     3   Next: 81%
Magic:  3/3        EV: 10    Int: 10    God:
Gold:   82         SH:  0    Dex: 13    Spells: 2/2 levels left

rFire   . . .      SeeInvis .    j - +1 dagger (elec)
rCold   . . .      Faith    .    (no shield)
rNeg    . . .      Spirit   .    g - +0 scale mail
rPois   .          Reflect  +    (no helmet)
rElec   .          Rampage  .    (no cloak)
rCorr   .                        (no gloves)
Will    .....                    (no boots) Stlth
                                 n - amulet of reflection
HPRegen 0.25/turn                (no ring)
MPRegen 0.08/turn                (no ring)

@: confused
A: no striking features
a: no special abilities


You were on level 2 of the Dungeon.
You visited 1 branch of the dungeon, and saw 2 of its levels.

You collected 82 gold pieces.

Inventory:

Hand Weapons
 a - a +0 hand axe
 i - a +2 spear of distortion {!w}
   (You found it on level 1 of the Dungeon)
 j - a +1 dagger of electrocution (weapon)
   (You took it off a goblin on level 1 of the Dungeon)
 q - a +2 dagger of freezing
   (You took it off Jessica on level 2 of the Dungeon)
Missiles
 h - 2 poisoned darts
 s - 9 stones (quivered)
Armour
 b - a +0 robe
 g - a +0 scale mail (worn)
   (You found it on level 1 of the Dungeon)
 t - an orb of light
   (You found it on level 2 of the Dungeon)
Jewellery
 n - an amulet of reflection (around neck)
   (You found it on level 1 of the Dungeon)
Scrolls
 e - 3 scrolls of teleportation {unknown}
 f - a scroll of enchant armour {unknown}
 m - a scroll of enchant weapon {unknown}
 o - a scroll of brand weapon {unknown}
Potions
 c - a potion of might {unknown}
 d - 2 potions of brilliance {unknown}
 k - a potion of degeneration {unknown}
 l - 2 potions of curing {unknown}
 p - 2 potions of heal wounds {unknown}
 r - a potion of flight {unknown}
 G - a potion of ambrosia {!q}


   Skills:
 + Level 4.3 Fighting
 * Level 5.5 Axes
 - Level 2.4 Dodging
 - Level 1.5 Stealth


You had 2 spell levels left.
You didn't know any spells.
Your spell library was empty.

Dungeon Overview and Level Annotations

Branches:
Dungeon (2/15)

Altars:

Shops:
D:1 (

Annotations:
D:2 Sigmund


Message History

The bat closely misses you.
You hit the bat.
You kill the bat!
You see here a +0 mace.
You see here an orb of light.
t - an orb of light Sigmund shouts!
Sigmund points at you and mumbles some strange words.
You resist with significant effort.
There is a stone staircase leading up here.
You climb upwards.
There is a stone staircase leading down here.
There is an open door here.
There is an open door here.
There is an open door here.
There is a stone staircase leading down here.
There is a stone staircase leading down here.
There is an open door here.
There is an open door here.
A giant cockroach comes into view.
You hit the giant cockroach.
The giant cockroach bites you but does no damage.
You hit the giant cockroach.
The giant cockroach bites you but does no damage.
You hit the giant cockroach but do no damage.
You block the giant cockroach's attack.
You hit the giant cockroach.
You kill the giant cockroach!
You see here a giant cockroach corpse.
A rat comes into view.
The rat bites you.
You take 1 damage, and have 33/34 hp.
You hit the rat. Lightning courses through the rat!
You kill the rat!
You see here a rat corpse.
Health restored: 34 Done exploring.
(D) Dungeon
Where to? (Enter - D:1 @ (x,y), ? - help)
You see here a rat corpse.
You see here a giant cockroach corpse.
There is an open door here.
There is an open door here.
There is a stone staircase leading down here.
You climb downwards.
Level annotation: Sigmund
There is a stone staircase leading up here.
You see here a +0 robe.
Sigmund shouts!
Sigmund closely misses you.
You hit Sigmund but do no damage. You closely miss Sigmund.
Sigmund gestures wildly while chanting.
Sigmund flickers and vanishes!
Deactivating autopickup; reactivate with Ctrl-A.
You closely miss something. Something hits you but does no damage.
You miss something.
You hear a zap.
A puff of flame appears from out of thin air!
The puff of flame hits you.
You take 1 damage, and have 33/34 hp.
You miss something. Something hits you!
You take 7 damage, and have 26/34 hp.
MASSIVE DAMAGE!!
You miss something. You barely miss something.
You hear a zap.
A puff of flame appears from out of thin air!
The puff of flame hits you but does no damage.
You miss something. Something hits you.
You take 2 damage, and have 25/34 hp.
You closely miss something.
You hear a zap.
A puff of flame appears from out of thin air!
The puff of flame hits you.
You take 5 damage, and have 20/34 hp.
You closely miss something.
You hear some strange, mumbled words.
Something tries to affect you, but you resist.
You miss something. You block something's attack.
You barely miss something. You punch something. You miss something.
Something hits you but does no damage.
You hit something but do no damage. Something hits you!
You take 10 damage, and have 11/34 hp.
MASSIVE DAMAGE!!
You hit something. Lightning courses through something!
You completely miss something. Something hits you!
* * * LOW HITPOINT WARNING * * *
You take 7 damage, and have 5/34 hp.
MASSIVE DAMAGE!!
You hit something.
You hear a zap.
A puff of flame appears from out of thin air!
The puff of flame misses you.
You hit something but do no damage.
You hear some strange, mumbled words.
You are confused.
You're too confused to move!
Something hits you!
You die...

#.# #.##.<#.##...# #.#
#P####.....######.# #)#
#.##.......# #.# #.#
#P####.....# #.# #.#
#.# #.....# #.# ##.##
#########.....# ###
#...###......##.....#
..#[............{...###
#.....##########@####<#
...#..# #.# #.# ####..#
#.# #.# # #..# #.# #.#
####..# #### ##.# #.#
..##..###..# #..# #.#
#.##.......####..# #.#
...........#b.#.## #.#
...........####.# #.#


There were no monsters in sight!

Vanquished Creatures
  Jessica (D:2)
  An endoplasm (D:1)
  2 giant cockroaches (D:1)
  5 goblins (D:1)
  2 hobgoblins (D:1)
  2 kobolds (D:1)
  3 quokkas
  A ball python (D:1)
  3 bats
  3 rats (D:1)
23 creatures vanquished.

Notes
Turn   | Place    | Note
-------+----------+-------------------------------------------
     0 | D:1      | Firecrotchwizard the Hill Orc Monk began the quest for the
                  | Orb.
     0 | D:1      | Reached XP level 1. HP: 19/19 MP: 1/1
   175 | D:1      | Reached XP level 2. HP: 26/27 MP: 2/2
   493 | D:2      | Noticed Sigmund
   561 | D:1      | Found Itsoclosm's Antique Weapon Shop.
   638 | D:1      | Reached skill level 4 in Fighting
  1034 | D:2      | Noticed Jessica
  1038 | D:2      | Killed Jessica
  1039 | D:2      | Reached skill level 5 in Axes
  1039 | D:2      | Reached XP level 3. HP: 24/33 MP: 3/3
  1448 | D:2      | HP: 5/34 [something (7)]
  1451 | D:2      | Slain by Sigmund

Illustrated notes

Levels and vault maps discovered:
D:1:      dpeg_arrival_tiny_i, layout_basic, serial_shops, nicolae_shop_trees,
          minmay_distorted
D:2:      layout_loops_ring, basic_altar, serial_aquarium,
          aquarium_bridge_straight [aquarium_subvault_bridge,
          aquarium_subvault_wall, aquarium_subvault_bridge,
          aquarium_subvault_wall], aquarium_bridge_square
          [aquarium_subvault_wall, aquarium_subvault_bridge,
          aquarium_subvault_wall, aquarium_subvault_wall], aquarium_window_fake,
          aquarium_window_fake, aquarium_view_2e, aquarium_view_2b,
          uniq_jessica, uniq_robin, uniq_sigmund

Skill      XL: |  1  2 |
---------------+-------+-----
Fighting       | 4 |  4.3
Axes           | 5 |  5.5
Dodging        | |  2.4
Stealth        | |  1.5

Action                     || total
---------------------------++-------
  Melee: Hand axe          ||    39
         Punch             ||     3
         Dagger            ||    42
   Stab: Sleeping          ||     1
 Armour: Robe              ||     5
         Scale mail        ||    17
  Dodge: Dodged            ||    34
  Block: Other             ||     3

Table legend: (Time is in decaauts)
 A = Elapsed time spent in this place.
 B = Non-inter-level travel time spent in this place.
 C = Inter-level travel time spent in this place.
 D = Time resting spent in this place.
 E = Time spent auto-exploring this place.
 F = Levels seen in this place.
 G = Mean time per level.
                   A        B        C        D        E       F      G
               +--------+--------+--------+--------+--------+-----+--------+
         Total |   1454 |   1262 |    192 |     32 |    976 |   2 |  727.0 |
       Dungeon |   1454 |   1262 |    192 |     32 |    976 |   2 |  727.0 |
               +--------+--------+--------+--------+--------+-----+--------+

Top non-repeatable levels by time:
     D:1: 1228 daAuts
     D:2: 225 daAuts

Table legend:
 A = Kills in this place as a percentage of kills in the entire game.
 B = Kills by you in this place as a percentage of kills by you in the entire game.
 C = Kills by friends in this place as a percentage of kills by friends in the entire game.
 D = Other kills in this place as a percentage of other kills in the entire game.
 E = Experience gained in this place as a percentage of experience gained in the entire game.
 F = Experience gained in this place divided by the number of levels of this place that you have seen.
                   A       B       C       D       E      F
               +-------+-------+-------+-------+-------+----------------------
         Total | 100.0 | 100.0 |   N/A |   N/A | 100.0 |  36.5
       Dungeon | 100.0 | 100.0 |   N/A |   N/A | 100.0 |  36.5
               +-------+-------+-------+-------+-------+----------------------
